AoeStats
← TM Caesar

Arena

507165223Analyzed
1v1 RM · 17d ago on Sep 16, 2026· 48m 35s· 2 players
Game mode
Random Map
Map size
Tiny (2 player)
Population
200
Speed
Normal
Resources
Standard
Victory
Conquest
Starting age
Dark Age
Ending age
Imperial Age
RankedLock teamsTeams togetherTeam positionsShared explorationLock speedFull tech treeHidden civsTurbo modeCheats
Victory
Defeat
🇨🇳 Vikings · China
1589
+21
🇦🇷 Hindustanis · Argentina
1697
-21
Dry Psyduck
8:55 Feudal Age
8:54 Loom
9:23 Double-Bit Axe
12:06 Fletching
21:01 Man-at-Arms
27:50 Castle Age
26:37 Gold Mining
33:52 Imperial Age
32:07 Scale Mail Armor
32:55 Bow Saw
33:42 Horse Collar
33:29 Long Swordsman
34:48 Chain Mail Armor
36:03 Forging
39:42 Iron Casting
41:43 Plate Mail Armor
46:41 Blast Furnace
TM Caesar
10:17 Feudal Age
9:53 Loom
17:37 Castle Age
18:47 Double-Bit Axe
20:06 Fletching
30:01 Bodkin Arrow
31:39 Town Watch
32:52 Scale Mail Armor
34:29 Squires
36:20 Wheelbarrow
36:11 Chain Mail Armor
35:45 Horse Collar
36:42 Forging
41:24 Iron Casting
40:59 Crossbowman
44:22 Hand Cart
46:58 Imperial Age
46:13 Hand Cart
48:48 Chemistry
48:11 Siege Engineers
Connection lost

Rejoining the realm…

Still unreachable

The connection could not be restored.

Session expired

The server has moved on; the page needs a fresh start.